Penguins vs Lightning

Created - Wednesday, December 24, 2014 at 00:19

Goals
1 2 3 T
Penguins 0 1 0 1
Lightning 0 3 0 3
Shots
1 2 3 T
Penguins 10 15 10 35
Lightning 7 10 12 29

1st period

No Goal

Penalties :
Dave Bolland (TB ) for Tripping (Minor) at 10:11, Nikolai Kulemin (TB ) for Cross-checking (Minor) at 14:53

2nd period

1. Lightning , Patrick Marleau 14 (Ryan Nugent-Hopkins) at 1:11 (PP)
2. Penguins , Raphael Diaz 1 (David Legwand, Nathan MacKinnon) at 5:12 (PP)
3. Lightning , Ondrej Palat 7 (Patrick Marleau, Ryan Nugent-Hopkins) at 5:34
4. Lightning , Jiri Tlusty 8 (Dmitry Kulikov) at 12:53 (PP)

Penalties :
Raphael Diaz (Pit) for Hooking (Minor) at 1:08, Nikolai Kulemin (TB ) for Hooking (Minor) at 4:27, Brandon Dubinsky (TB ) for Holding Stick (Minor) at 5:52, Marc Methot (TB ) for High sticking (Minor) at 9:01, Marcus Foligno (Pit) for Cross-checking (Minor) at 11:39, Paul Gaustad (Pit) for Tripping (Minor) at 14:24, Matt Calvert (TB ) for Interference (Minor) at 16:52

3rd period

No Goal

Penalties :
Brandon Dubinsky (TB ) for Roughing (Minor) at 3:12, John Mitchell (TB ) for Slashing (Minor) at 8:01

Goalie Stats

Ryan Miller (Pit), 26 saves from 29 shots - (0.897), L, 14-7-7, 60:00 minutes
Carey Price (TB ), 34 saves from 35 shots - (0.971), W, 22-8-4, 60:00 minutes

Players Stats for Penguins

Player Name              G  A  P  +/- PIM S  H  SB GA TA FO     MP     PP MP  PK MP  
------------------------------------------------------------------------------------
Anton Volchenkov         0  0  0   0  0   0  1  3  0  3  0/0    14:35   0:00   2:11 
Chris Butler             0  0  0   0  0   3  0  1  0  2  0/0    13:31   0:00   1:05 
Chris Kelly              0  0  0   0  0   1  0  0  0  1  0/0    14:48   0:42   3:03 
Christian Ehrhoff        0  0  0  -1  0   2  0  1  0  1  0/0    24:28   7:48   0:00 
Dan Hamhuis              0  0  0   0  0   3  0  0  1  3  0/0    22:00   6:50   2:11 
David Legwand            0  1  1   0  0   0  1  0  3  0  10/15  15:00   6:23   0:00 
Elias Lindholm           0  0  0   0  0   1  1  0  0  0  0/0    11:01   0:00   0:13 
Jarome Iginla            0  0  0   0  0   0  0  0  0  0  0/0     0:56   0:00   0:00 
Marcus Foligno           0  0  0   0  2   3  2  0  1  0  0/0    11:51   0:00   0:13 
Mark Giordano            0  0  0  -1  0   5  3  3  1  1  0/0    25:35   7:48   1:05 
Mikael Granlund          0  0  0  -1  0   5  3  0  3  0  9/20   20:34   8:15   0:00 
Nail Yakupov             0  0  0   0  0   1  2  0  2  1  1/3    19:37   5:41   0:00 
Nate Thompson            0  0  0   0  0   1  1  0  0  0  0/2    10:43   0:00   0:00 
Nathan MacKinnon         0  1  1  -1  0   2  0  0  5  0  2/5    22:25   6:23   1:46 
Patrick Sharp            0  0  0  -1  0   6  2  0  1  0  0/1    20:34   8:15   0:00 
Paul Gaustad             0  0  0   0  2   0  1  0  0  0  4/9    11:42   0:00   1:17 
Raphael Diaz             1  0  1   0  2   1  0  1  1  0  0/0    19:48   6:50   0:00 
Vladimir Tarasenko       0  0  0   0  0   1  0  0  0  0  0/0    17:28   8:15   0:00 

Players Stats for Lightning

Player Name              G  A  P  +/- PIM S  H  SB GA TA FO     MP     PP MP  PK MP  
------------------------------------------------------------------------------------
Alex Chiasson            0  0  0   0  0   1  1  1  1  0  1/1    11:43   0:00   0:00 
Brandon Dubinsky         0  0  0   0  4   3  3  0  3  0  10/18  20:06   1:25   6:36 
Dave Bolland             0  0  0   0  2   1  3  0  1  0  3/7    12:05   0:00   0:00 
Dmitry Kulikov           0  1  1   0  0   1  0  2  0  1  0/0    25:11   2:28   6:20 
Jiri Tlusty              1  0  1   0  0   3  0  0  0  1  0/0    12:32   1:25   0:00 
Joel Ward                0  0  0   0  0   2  0  0  0  0  0/1    12:32   1:25   0:00 
John Mitchell            0  0  0   0  2   2  2  1  0  1  5/9    14:20   0:00   5:55 
Marc Methot              0  0  0   0  2   0  1  2  0  1  0/0    19:59   0:48   6:44 
Matt Calvert             0  0  0   0  2   0  3  1  1  1  0/1    12:08   0:00   0:00 
Mattias Ekholm           0  0  0   1  0   2  0  0  0  0  0/0    13:24   0:00   0:00 
Michael Stone            0  0  0   0  0   0  1  0  0  1  0/0    21:58   0:48   8:22 
Nikolai Kulemin          0  0  0   0  4   1  0  0  3  0  2/3    15:16   0:00   6:52 
Ondrej Palat             1  0  1   1  0   2  1  0  1  0  0/0    13:46   1:51   0:54 
Patrick Marleau          1  1  2   1  0   9  0  1  4  0  1/2    20:01   1:51   7:21 
Roman Polak              0  0  0   1  0   1  1  1  0  3  0/0    22:58   0:00   7:50 
Ryan Nugent-Hopkins      0  2  2   1  0   1  0  0  1  0  7/13   13:55   1:51   1:38 
Shawn Matthias           0  0  0   0  0   0  1  0  1  0  0/0     6:38   0:00   0:00 
Tyson Barrie             0  0  0   0  0   0  0  0  0  1  0/0    16:37   2:28   0:00 

3 Stars

1 - Carey Price (TB )
2 - Patrick Marleau (TB )
3 - Ondrej Palat (TB )

Power Play

Penguins - 1 on 8 Attempt(s) - 12.50%
Lightning - 2 on 3 Attempt(s) - 66.67%

Penalty Kill

Penguins - 1 on 3 Attempt(s) - 33.33% - Score 0 goal in Penalty Kill
Lightning - 7 on 8 Attempt(s) - 87.50% - Score 0 goal in Penalty Kill

Official

Referees : Unknown
Linesman : Unknown

Game Notes

Jarome Iginla is injured at 0:56 of 1st period (Right Foot)

Finance

Level 1 -- Attendance: 5304 (88.40%) -- Ticket Income $397,800
Level 2 -- Attendance: 5000 (100.00%) -- Ticket Income $250,000
Level 3 -- Attendance: 1899 (94.95%) -- Ticket Income $56,970
Level 4 -- Attendance: 4000 (100.00%) -- Ticket Income $60,000
Luxury Box -- Attendance: 1000 (100.00%) -- Ticket Income $175,000
Game was played at the St. Pete Times Forum
Total Attendance: 17203 (95.57%)
Total Ticket Income: $939,770
Other Income: $460,487
Total Income: $1,400,257

Penguins

5 vs 5 Forward 
   Center                   Left Wing                Right Wing               Time % Phy DF OF 
 1 Mikael Granlund          Patrick Sharp            Jarome Iginla            35     1   2  2  
 2 David Legwand            Vladimir Tarasenko       Nathan MacKinnon         30     1   2  2  
 3 Paul Gaustad             Nail Yakupov             Elias Lindholm           22     1   2  2  
 4 Nate Thompson            Chris Kelly              Marcus Foligno           13     1   2  2  

5 vs 5 Defense 
   Defense                  Defense                                           Time % Phy DF OF 
 1 Mark Giordano            Christian Ehrhoff                                 40     1   2  2  
 2 Raphael Diaz             Dan Hamhuis                                       35     1   2  2  
 3 Chris Butler             Anton Volchenkov                                  20     1   2  2  
 4 Mark Giordano            Christian Ehrhoff                                 5      1   2  2  

PowerPlay Forward 
   Center                   Left Wing                Right Wing               Time % Phy DF OF 
 1 Mikael Granlund          Patrick Sharp            Vladimir Tarasenko       60     1   1  3  
 2 David Legwand            Jarome Iginla            Nathan MacKinnon         40     1   1  3  

PowerPlay Defense
   Defense                  Defense                                           Time % Phy DF OF 
 1 Mark Giordano            Christian Ehrhoff                                 60     1   1  3  
 2 Dan Hamhuis              Raphael Diaz                                      40     1   1  3  

Penalty Kill 4 Players Forward 
   Center                   Wing                     Time % Phy DF OF 
 1 Paul Gaustad             Chris Kelly              60     1   3  1  
 2 Nate Thompson            Marcus Foligno           40     1   3  1  

Penalty Kill 4 Players Defense
   Defense                  Defense                  Time % Phy DF OF 
 1 Anton Volchenkov         Dan Hamhuis              60     1   3  1  
 2 Chris Butler             Mark Giordano            40     1   3  1  

Penalty Kill - 3 Players Forward 
   Forward                                           Time % Phy DF OF 
 1 Paul Gaustad                                      60     1   3  1  
 2 Nate Thompson                                     40     1   3  1  

Penalty Kill - 3 Players Defense
   Defense                  Defense                  Time % Phy DF OF 
 1 Anton Volchenkov         Dan Hamhuis              60     1   3  1  
 2 Chris Butler             Mark Giordano            40     1   3  1  

4 vs 4 Forward 
   Center                   Wing                     Time % Phy DF OF 
 1 Mikael Granlund          Patrick Sharp            60     1   2  2  
 2 David Legwand            Jarome Iginla            40     1   2  2  

4 vs 4 Defense
   Defense                  Defense                  Time % Phy DF OF 
 1 Mark Giordano            Christian Ehrhoff        60     1   2  2  
 2 Dan Hamhuis              Anton Volchenkov         40     1   2  2  

Last Minutes Offensive
   Center                   Left Wing                Right Wing               Defense                  Defense                  
   Mikael Granlund          Patrick Sharp            Jarome Iginla            Mark Giordano            Christian Ehrhoff        

Last Minutes Defensive
   Center                   Left Wing                Right Wing               Defense                  Defense                  
   Mikael Granlund          Patrick Sharp            Jarome Iginla            Mark Giordano            Christian Ehrhoff        

Goaltenders
Starting : Ryan Miller              
Backup : Alex Stalock             

Extra Forwards
Normal : Nathan MacKinnon, Nail Yakupov, Marcus Foligno - PP : Nathan MacKinnon, Nail Yakupov - PK : Jarome Iginla
Extra Defensemen
Normal : Dan Hamhuis, Christian Ehrhoff, Chris Butler - PP : Dan Hamhuis - PK : Dan Hamhuis, Christian Ehrhoff
Penalty Shots
Patrick Sharp, Jarome Iginla, Nathan MacKinnon, Vladimir Tarasenko, David Legwand

Lightning

5 vs 5 Forward 
   Center                   Left Wing                Right Wing               Time % Phy DF OF 
 1 Ryan Nugent-Hopkins      Ondrej Palat             Patrick Marleau          30     1   2  2  
 2 Brandon Dubinsky         Jiri Tlusty              Joel Ward                30     1   2  2  
 3 Dave Bolland             Matt Calvert             Alex Chiasson            25     1   2  2  
 4 John Mitchell            Shawn Matthias           Nikolai Kulemin          15     1   3  1  

5 vs 5 Defense 
   Defense                  Defense                                           Time % Phy DF OF 
 1 Dmitry Kulikov           Tyson Barrie                                      34     1   2  2  
 2 Marc Methot              Michael Stone                                     33     1   2  2  
 3 Roman Polak              Mattias Ekholm                                    33     1   2  2  
 4 Dmitry Kulikov           Tyson Barrie                                      0      1   2  2  

PowerPlay Forward 
   Center                   Left Wing                Right Wing               Time % Phy DF OF 
 1 Ryan Nugent-Hopkins      Ondrej Palat             Patrick Marleau          50     0   1  4  
 2 Brandon Dubinsky         Jiri Tlusty              Joel Ward                50     0   1  4  

PowerPlay Defense
   Defense                  Defense                                           Time % Phy DF OF 
 1 Dmitry Kulikov           Tyson Barrie                                      60     1   2  2  
 2 Michael Stone            Marc Methot                                       40     1   2  2  

Penalty Kill 4 Players Forward 
   Center                   Wing                     Time % Phy DF OF 
 1 John Mitchell            Nikolai Kulemin          50     1   4  0  
 2 Brandon Dubinsky         Patrick Marleau          50     1   4  0  

Penalty Kill 4 Players Defense
   Defense                  Defense                  Time % Phy DF OF 
 1 Marc Methot              Michael Stone            50     1   4  0  
 2 Dmitry Kulikov           Roman Polak              50     1   4  0  

Penalty Kill - 3 Players Forward 
   Forward                                           Time % Phy DF OF 
 1 John Mitchell                                     50     1   4  0  
 2 Brandon Dubinsky                                  50     1   4  0  

Penalty Kill - 3 Players Defense
   Defense                  Defense                  Time % Phy DF OF 
 1 Marc Methot              Michael Stone            50     1   4  0  
 2 Dmitry Kulikov           Roman Polak              50     1   4  0  

4 vs 4 Forward 
   Center                   Wing                     Time % Phy DF OF 
 1 Ryan Nugent-Hopkins      Patrick Marleau          50     0   2  3  
 2 Brandon Dubinsky         Ondrej Palat             50     0   2  3  

4 vs 4 Defense
   Defense                  Defense                  Time % Phy DF OF 
 1 Dmitry Kulikov           Tyson Barrie             60     1   2  2  
 2 Michael Stone            Marc Methot              40     1   2  2  

Last Minutes Offensive
   Center                   Left Wing                Right Wing               Defense                  Defense                  
   Ryan Nugent-Hopkins      Ondrej Palat             Patrick Marleau          Dmitry Kulikov           Tyson Barrie             

Last Minutes Defensive
   Center                   Left Wing                Right Wing               Defense                  Defense                  
   Brandon Dubinsky         Patrick Marleau          Nikolai Kulemin          Roman Polak              Marc Methot              

Goaltenders
Starting : Carey Price              
Backup : Ben Scrivens             

Extra Forwards
Normal : Ondrej Palat, Patrick Marleau, Ryan Nugent-Hopkins - PP : Ondrej Palat, Patrick Marleau - PK : Nikolai Kulemin
Extra Defensemen
Normal : Dmitry Kulikov, Marc Methot, Tyson Barrie - PP : Dmitry Kulikov - PK : Marc Methot, Roman Polak
Penalty Shots
Patrick Marleau, Nikolai Kulemin, Dave Bolland, Joel Ward, Ondrej Palat

% Time on Ice - Penguins

Lines # - Real PCT - Wanted PCT - Time Play
Normal Forward
1 - 30% - 35% - 12:49
2 - 20% - 30% - 8:37
3 - 24% - 22% - 9:57
4 - 25% - 13% - 10:43
Normal Defense
1 - 38% - 40% - 15:50
2 - 31% - 35% - 13:01
3 - 29% - 20% - 12:24
4 - 2% - 5% - 0:51
PP Forward
1 - 56% - 60% - 8:15
2 - 44% - 40% - 6:23
PP Defense
1 - 53% - 60% - 7:48
2 - 47% - 40% - 6:50
PK Forward
1 - 100% - 60% - 3:16
2 - 0% - 40% - 0:00
PK Defense
1 - 67% - 60% - 2:11
2 - 33% - 40% - 1:05
PK3 Forward
1 - 0% - 60%
2 - 0% - 40%
PK3 Defense
1 - 0% - 60%
2 - 0% - 40%
44 Forward
1 - 0% - 60%
2 - 0% - 40%
44 Defense
1 - 0% - 60%
2 - 0% - 40%
Last Minute Offensive  - 0:00
Last Minute Defensive  - 0:00
Total
Forward - 60:00
Defense - 60:00

% Time on Ice - Lightning

Lines # - Real PCT - Wanted PCT - Time Play
Normal Forward
1 - 29% - 30% - 12:04
2 - 28% - 30% - 11:41
3 - 28% - 25% - 11:43
4 - 16% - 15% - 6:38
Normal Defense
1 - 37% - 34% - 15:34
2 - 31% - 33% - 13:08
3 - 32% - 33% - 13:24
4 - 0% - 0% - 0:00
PP Forward
1 - 57% - 50% - 1:51
2 - 43% - 50% - 1:25
PP Defense
1 - 76% - 60% - 2:28
2 - 24% - 40% - 0:48
PK Forward
1 - 50% - 50% - 7:17
2 - 50% - 50% - 7:21
PK Defense
1 - 57% - 50% - 8:22
2 - 43% - 50% - 6:16
PK3 Forward
1 - 0% - 50%
2 - 0% - 50%
PK3 Defense
1 - 0% - 50%
2 - 0% - 50%
44 Forward
1 - 0% - 50%
2 - 0% - 50%
44 Defense
1 - 0% - 60%
2 - 0% - 40%
Last Minute Offensive  - 0:00
Last Minute Defensive  - 0:00
Total
Forward - 60:00
Defense - 60:00

Play by Play

1st period


0:01 of 1st period - Mikael Granlund wins face-off versus Patrick Marleau in neutral zone.
0:04 of 1st period - Dmitry Kulikov is hit by Mikael Granlund and loses puck.
0:55 of 1st period - Jarome Iginla is hit by Brandon Dubinsky and loses puck.
0:56 of 1st period - Jarome Iginla from Penguins is injured at 0:56 of 1st period (Right Foot).
0:57 of 1st period - Alex Chiasson wins face-off versus David Legwand in Penguins zone.
1:28 of 1st period - Snap shot by David Legwand.
1:28 of 1st period - Shot Misses the Net.
1:50 of 1st period - Michael Stone is hit by Paul Gaustad.
1:56 of 1st period - Snap shot by Nikolai Kulemin.
1:56 of 1st period - Shot Misses the Net.
1:58 of 1st period - Slapshot by John Mitchell.
1:58 of 1st period - Stopped by Ryan Miller with a rebound.
2:14 of 1st period - Snap shot by Nikolai Kulemin.
2:14 of 1st period - Shot Misses the Net.
3:29 of 1st period - Slapshot by Ryan Nugent-Hopkins.
3:29 of 1st period - Deflect By Patrick Sharp.
3:29 of 1st period - Shot Misses the Net.
3:29 of 1st period - Puck is out of play.
3:30 of 1st period - David Legwand wins face-off versus Ryan Nugent-Hopkins in Penguins zone.
3:46 of 1st period - Wrist shot by Ryan Nugent-Hopkins.
3:46 of 1st period - Shot Misses the Net.
3:48 of 1st period - Slapshot by Tyson Barrie.
3:48 of 1st period - Deflect By Patrick Marleau.
3:48 of 1st period - Stopped by Ryan Miller without a rebound.
3:49 of 1st period - David Legwand wins face-off versus Dave Bolland in Penguins zone.
4:23 of 1st period - Chris Butler is hit by Dave Bolland and loses puck.
4:38 of 1st period - Snap shot by Patrick Marleau.
4:38 of 1st period - Shot Blocked by Anton Volchenkov.
4:40 of 1st period - Snap shot by Patrick Marleau.
4:40 of 1st period - Stopped by Ryan Miller with a rebound.
5:08 of 1st period - Backhand shot by Ryan Nugent-Hopkins.
5:08 of 1st period - Shot Blocked by Anton Volchenkov.
5:33 of 1st period - Icing by Dmitry Kulikov.
5:34 of 1st period - John Mitchell wins face-off versus Nate Thompson in Lightning zone.
6:23 of 1st period - Backhand shot by Brandon Dubinsky.
6:23 of 1st period - Stopped by Ryan Miller without a rebound.
6:24 of 1st period - David Legwand wins face-off versus Matt Calvert in Penguins zone.
6:29 of 1st period - Backhand shot by Nathan MacKinnon.
6:29 of 1st period - Stopped by Carey Price with a rebound.
6:31 of 1st period - Slapshot by Dan Hamhuis.
6:31 of 1st period - Shot Misses the Net.
6:33 of 1st period - Slapshot by Vladimir Tarasenko.
6:33 of 1st period - Shot Misses the Net.
7:15 of 1st period - Icing by Nail Yakupov.
7:16 of 1st period - Paul Gaustad wins face-off versus Brandon Dubinsky in Penguins zone.
7:47 of 1st period - Roman Polak is hit by Mark Giordano and loses puck.
8:04 of 1st period - Slapshot by Ondrej Palat.
8:04 of 1st period - Shot Misses the Net.
8:06 of 1st period - Wrist shot by Ryan Nugent-Hopkins.
8:06 of 1st period - Shot Misses the Net.
8:14 of 1st period - Snap shot by Patrick Sharp.
8:14 of 1st period - Stopped by Carey Price with a rebound.
8:16 of 1st period - Wrist shot by Nathan MacKinnon.
8:16 of 1st period - Shot Blocked by Dmitry Kulikov.
8:18 of 1st period - Snap shot by Christian Ehrhoff.
8:18 of 1st period - Stopped by Carey Price with a rebound.
8:46 of 1st period - Slapshot by Tyson Barrie.
8:46 of 1st period - Shot Blocked by Chris Butler.
9:02 of 1st period - Slapshot by Chris Kelly.
9:02 of 1st period - Shot Misses the Net.
9:04 of 1st period - Slapshot by Chris Kelly.
9:04 of 1st period - Stopped by Carey Price with a rebound.
9:06 of 1st period - Wrist shot by Chris Butler.
9:06 of 1st period - Shot Misses the Net.
9:08 of 1st period - Slapshot by Chris Butler.
9:08 of 1st period - Stopped by Carey Price with a rebound.
9:10 of 1st period - Slapshot by Dan Hamhuis.
9:10 of 1st period - Deflect By Marcus Foligno.
9:10 of 1st period - Shot Misses the Net.
9:10 of 1st period - Puck is out of play.
9:11 of 1st period - David Legwand wins face-off versus Dave Bolland in Lightning zone.
9:51 of 1st period - Slapshot by Dan Hamhuis.
9:51 of 1st period - Stopped by Carey Price with a rebound.
10:11 of 1st period - Minor Penalty to Dave Bolland for Tripping.
10:12 of 1st period - Mikael Granlund wins face-off versus John Mitchell in Lightning zone.
10:39 of 1st period - Snap shot by Brandon Dubinsky.
10:39 of 1st period - Shot Blocked by Mark Giordano.
10:43 of 1st period - Snap shot by Patrick Marleau.
10:43 of 1st period - Stopped by Ryan Miller without a rebound.
10:44 of 1st period - David Legwand wins face-off versus Brandon Dubinsky in Penguins zone.
11:35 of 1st period - Slapshot by Vladimir Tarasenko.
11:35 of 1st period - Shot Misses the Net.
11:45 of 1st period - Christian Ehrhoff is hit by Roman Polak and loses puck.
12:11 of 1st period - Penalty to Dave Bolland is over, Dave Bolland is back on ice.
12:18 of 1st period - Patrick Marleau is hit by Mark Giordano.
12:24 of 1st period - Christian Ehrhoff is hit by Dave Bolland and loses puck.
12:59 of 1st period - Slapshot by Dan Hamhuis.
12:59 of 1st period - Stopped by Carey Price with a rebound.
13:12 of 1st period - Snap shot by Nate Thompson.
13:12 of 1st period - Stopped by Carey Price with a rebound.
13:14 of 1st period - Slapshot by Chris Butler.
13:14 of 1st period - Stopped by Carey Price without a rebound.
13:15 of 1st period - Paul Gaustad wins face-off versus Ryan Nugent-Hopkins in Lightning zone.
14:53 of 1st period - Minor Penalty to Nikolai Kulemin for Cross-checking.
14:54 of 1st period - John Mitchell wins face-off versus David Legwand in Lightning zone.
15:37 of 1st period - Snap shot by Vladimir Tarasenko.
15:37 of 1st period - Deflect By Mikael Granlund.
15:37 of 1st period - Stopped by Carey Price with a rebound.
16:38 of 1st period - Mark Giordano is hit by Brandon Dubinsky and loses puck.
16:45 of 1st period - Christian Ehrhoff is hit by Marc Methot and loses puck.
16:53 of 1st period - Penalty to Nikolai Kulemin is over, Nikolai Kulemin is back on ice.
18:02 of 1st period - Mattias Ekholm is hit by Marcus Foligno and loses puck.
18:22 of 1st period - Icing by Patrick Sharp.
18:23 of 1st period - Brandon Dubinsky wins face-off versus Mikael Granlund in Penguins zone.
18:56 of 1st period - Slapshot by Elias Lindholm.
18:56 of 1st period - Shot Misses the Net.
19:41 of 1st period - Snap shot by Ryan Nugent-Hopkins.
19:41 of 1st period - Stopped by Ryan Miller with a rebound.
19:43 of 1st period - Wrist shot by Mattias Ekholm.
19:43 of 1st period - Stopped by Ryan Miller with a rebound.
Goals for this period are 0 for Penguins vs 0 for Lightning.
Shots for this period are 10 for Penguins vs 7 for Lightning.

2nd period


0:01 of 2nd period - Mikael Granlund wins face-off versus Ryan Nugent-Hopkins in neutral zone.
0:16 of 2nd period - Wrist shot by Patrick Sharp.
0:16 of 2nd period - Deflect By Mikael Granlund.
0:16 of 2nd period - Shot Misses the Net.
0:16 of 2nd period - Puck is out of play.
0:17 of 2nd period - Ryan Nugent-Hopkins wins face-off versus Nathan MacKinnon in Lightning zone.
0:17 of 2nd period - Ryan Nugent-Hopkins is hit by Mikael Granlund.
0:23 of 2nd period - Snap shot by Patrick Marleau.
0:23 of 2nd period - Shot Misses the Net.
0:43 of 2nd period - Snap shot by Nathan MacKinnon.
0:43 of 2nd period - Deflect By Patrick Sharp.
0:43 of 2nd period - Stopped by Carey Price without a rebound.
0:44 of 2nd period - Nail Yakupov wins face-off versus Brandon Dubinsky in Lightning zone.
1:08 of 2nd period - Minor Penalty to Raphael Diaz for Hooking.
1:09 of 2nd period - Ryan Nugent-Hopkins wins face-off versus Paul Gaustad in Penguins zone.
1:11 of 2nd period - Snap shot by Patrick Marleau.
1:11 of 2nd period - Goal by Patrick Marleau - Penguins : 0 - Lightning : 1.
1:12 of 2nd period - David Legwand wins face-off versus Brandon Dubinsky in neutral zone.
1:30 of 2nd period - Snap shot by Vladimir Tarasenko.
1:30 of 2nd period - Stopped by Carey Price with a rebound.
2:06 of 2nd period - Roman Polak is hit by Mark Giordano and loses puck.
3:16 of 2nd period - Marc Methot is hit by Marcus Foligno and loses puck.
3:42 of 2nd period - Wrist shot by Nail Yakupov.
3:42 of 2nd period - Shot Blocked by Alex Chiasson.
4:05 of 2nd period - Dmitry Kulikov is hit by David Legwand and loses puck.
4:27 of 2nd period - Minor Penalty to Nikolai Kulemin for Hooking.
4:28 of 2nd period - Brandon Dubinsky wins face-off versus Mikael Granlund in Lightning zone.
4:51 of 2nd period - Wrist shot by Mikael Granlund.
4:51 of 2nd period - Stopped by Carey Price with a rebound.
4:53 of 2nd period - Snap shot by Vladimir Tarasenko.
4:53 of 2nd period - Deflect By Patrick Sharp.
4:53 of 2nd period - Shot Misses the Net.
4:53 of 2nd period - Puck is out of play.
4:54 of 2nd period - David Legwand wins face-off versus John Mitchell in Lightning zone.
5:10 of 2nd period - Backhand shot by David Legwand.
5:10 of 2nd period - Shot Blocked by Roman Polak.
5:12 of 2nd period - Slapshot by Raphael Diaz.
5:12 of 2nd period - Goal by Raphael Diaz - Penguins : 1 - Lightning : 1.
5:13 of 2nd period - Patrick Marleau wins face-off versus Mikael Granlund in neutral zone.
5:30 of 2nd period - Snap shot by Patrick Marleau.
5:30 of 2nd period - Stopped by Ryan Miller with a rebound.
5:32 of 2nd period - Snap shot by Patrick Marleau.
5:32 of 2nd period - Stopped by Ryan Miller with a rebound.
5:34 of 2nd period - Slapshot by Ondrej Palat.
5:34 of 2nd period - Goal by Ondrej Palat - Penguins : 1 - Lightning : 2.
5:35 of 2nd period - David Legwand wins face-off versus Joel Ward in neutral zone.
5:50 of 2nd period - Snap shot by David Legwand.
5:50 of 2nd period - Shot Misses the Net.
5:52 of 2nd period - Minor Penalty to Brandon Dubinsky for Holding Stick.
5:53 of 2nd period - Nikolai Kulemin wins face-off versus Mikael Granlund in Lightning zone.
6:04 of 2nd period - Patrick Marleau is hit by Patrick Sharp and loses puck.
6:19 of 2nd period - Wrist shot by Mikael Granlund.
6:19 of 2nd period - Stopped by Carey Price with a rebound.
6:21 of 2nd period - Slapshot by Mark Giordano.
6:21 of 2nd period - Shot Blocked by Patrick Marleau.
6:23 of 2nd period - Snap shot by Mikael Granlund.
6:23 of 2nd period - Stopped by Carey Price without a rebound.
6:24 of 2nd period - Nikolai Kulemin wins face-off versus Nail Yakupov in Lightning zone.
7:34 of 2nd period - Snap shot by Patrick Sharp.
7:34 of 2nd period - Stopped by Carey Price with a rebound.
7:52 of 2nd period - Penalty to Brandon Dubinsky is over, Brandon Dubinsky is back on ice.
7:54 of 2nd period - Wrist shot by Nathan MacKinnon.
7:54 of 2nd period - Stopped by Carey Price with a rebound.
7:56 of 2nd period - Slapshot by Mark Giordano.
7:56 of 2nd period - Stopped by Carey Price with a rebound.
8:58 of 2nd period - Wrist shot by Mikael Granlund.
8:58 of 2nd period - Stopped by Carey Price without a rebound.
8:59 of 2nd period - Brandon Dubinsky wins face-off versus Mikael Granlund in Lightning zone.
9:01 of 2nd period - Minor Penalty to Marc Methot for High sticking.
9:02 of 2nd period - Mikael Granlund wins face-off versus Brandon Dubinsky in Lightning zone.
9:59 of 2nd period - Icing by Christian Ehrhoff.
10:00 of 2nd period - Brandon Dubinsky wins face-off versus David Legwand in Penguins zone.
10:35 of 2nd period - Off-side.
10:36 of 2nd period - John Mitchell wins face-off versus Mikael Granlund in neutral zone.
11:01 of 2nd period - Penalty to Marc Methot is over, Marc Methot is back on ice.
11:29 of 2nd period - Anton Volchenkov is hit by Alex Chiasson and loses puck.
11:39 of 2nd period - Minor Penalty to Marcus Foligno for Cross-checking.
11:40 of 2nd period - Ryan Nugent-Hopkins wins face-off versus Paul Gaustad in Penguins zone.
12:11 of 2nd period - Wrist shot by Patrick Marleau.
12:11 of 2nd period - Stopped by Ryan Miller with a rebound.
12:13 of 2nd period - Wrist shot by Ondrej Palat.
12:13 of 2nd period - Stopped by Ryan Miller with a rebound.
12:43 of 2nd period - Wrist shot by Brandon Dubinsky.
12:43 of 2nd period - Deflect By Jiri Tlusty.
12:43 of 2nd period - Shot Misses the Net.
12:43 of 2nd period - Puck is out of play.
12:44 of 2nd period - Paul Gaustad wins face-off versus Brandon Dubinsky in Penguins zone.
12:53 of 2nd period - Snap shot by Jiri Tlusty.
12:53 of 2nd period - Goal by Jiri Tlusty - Penguins : 1 - Lightning : 3.
12:54 of 2nd period - Ryan Nugent-Hopkins wins face-off versus Mikael Granlund in neutral zone.
13:07 of 2nd period - Wrist shot by Patrick Marleau.
13:07 of 2nd period - Stopped by Ryan Miller with a rebound.
13:47 of 2nd period - Roman Polak is hit by Elias Lindholm and loses puck.
14:24 of 2nd period - Minor Penalty to Paul Gaustad for Tripping.
14:25 of 2nd period - Nathan MacKinnon wins face-off versus Ryan Nugent-Hopkins in Penguins zone.
15:04 of 2nd period - Slapshot by Brandon Dubinsky.
15:04 of 2nd period - Stopped by Ryan Miller without a rebound.
15:05 of 2nd period - Brandon Dubinsky wins face-off versus Nathan MacKinnon in Penguins zone.
15:16 of 2nd period - Slapshot by Brandon Dubinsky.
15:16 of 2nd period - Shot Misses the Net.
15:28 of 2nd period - Slapshot by Jiri Tlusty.
15:28 of 2nd period - Stopped by Ryan Miller without a rebound.
15:29 of 2nd period - Ryan Nugent-Hopkins wins face-off versus Nathan MacKinnon in Penguins zone.
15:30 of 2nd period - Slapshot by Patrick Marleau.
15:30 of 2nd period - Shot Misses the Net.
15:32 of 2nd period - Snap shot by Ryan Nugent-Hopkins.
15:32 of 2nd period - Deflect By Mark Giordano.
15:32 of 2nd period - Shot Misses the Net.
15:32 of 2nd period - Puck is out of play.
15:33 of 2nd period - Nathan MacKinnon wins face-off versus Ryan Nugent-Hopkins in Penguins zone.
16:22 of 2nd period - Slapshot by Mark Giordano.
16:22 of 2nd period - Stopped by Carey Price with a rebound.
16:24 of 2nd period - Penalty to Paul Gaustad is over, Paul Gaustad is back on ice.
16:45 of 2nd period - Wrist shot by Alex Chiasson.
16:45 of 2nd period - Shot Blocked by Raphael Diaz.
16:52 of 2nd period - Minor Penalty to Matt Calvert for Interference.
16:53 of 2nd period - John Mitchell wins face-off versus Mikael Granlund in Lightning zone.
17:03 of 2nd period - Mark Giordano is hit by Michael Stone and loses puck.
17:18 of 2nd period - Slapshot by Mikael Granlund.
17:18 of 2nd period - Shot Misses the Net.
17:30 of 2nd period - Wrist shot by Patrick Sharp.
17:30 of 2nd period - Shot Misses the Net.
17:42 of 2nd period - Snap shot by Nathan MacKinnon.
17:42 of 2nd period - Shot Misses the Net.
17:44 of 2nd period - Slapshot by Dan Hamhuis.
17:44 of 2nd period - Shot Blocked by John Mitchell.
17:46 of 2nd period - Slapshot by Dan Hamhuis.
17:46 of 2nd period - Stopped by Carey Price without a rebound.
17:47 of 2nd period - Brandon Dubinsky wins face-off versus David Legwand in Lightning zone.
18:48 of 2nd period - Dmitry Kulikov is hit by Nail Yakupov and loses puck.
18:52 of 2nd period - Penalty to Matt Calvert is over, Matt Calvert is back on ice.
19:11 of 2nd period - Snap shot by Marcus Foligno.
19:11 of 2nd period - Stopped by Carey Price with a rebound.
19:13 of 2nd period - Snap shot by Marcus Foligno.
19:13 of 2nd period - Shot Blocked by Matt Calvert.
19:15 of 2nd period - Snap shot by Marcus Foligno.
19:15 of 2nd period - Stopped by Carey Price with a rebound.
19:17 of 2nd period - Slapshot by Christian Ehrhoff.
19:17 of 2nd period - Deflect By Chris Kelly.
19:17 of 2nd period - Shot Misses the Net.
19:17 of 2nd period - Puck is out of play.
19:18 of 2nd period - Dave Bolland wins face-off versus Paul Gaustad in Lightning zone.
19:23 of 2nd period - Anton Volchenkov is hit by Dave Bolland and loses puck.
19:32 of 2nd period - Wrist shot by Elias Lindholm.
19:32 of 2nd period - Shot Blocked by Marc Methot.
19:34 of 2nd period - Slapshot by Anton Volchenkov.
19:34 of 2nd period - Shot Misses the Net.
19:36 of 2nd period - Wrist shot by Paul Gaustad.
19:36 of 2nd period - Deflect By Elias Lindholm.
19:36 of 2nd period - Stopped by Carey Price without a rebound.
19:37 of 2nd period - Dave Bolland wins face-off versus Paul Gaustad in Lightning zone.
19:44 of 2nd period - Paul Gaustad is hit by Matt Calvert.
Goals for this period are 1 for Penguins vs 3 for Lightning.
Shots for this period are 15 for Penguins vs 10 for Lightning.

3rd period


0:01 of 3rd period - David Legwand wins face-off versus Brandon Dubinsky in neutral zone.
0:12 of 3rd period - Slapshot by Tyson Barrie.
0:12 of 3rd period - Shot Misses the Net.
0:20 of 3rd period - Snap shot by Jiri Tlusty.
0:20 of 3rd period - Shot Misses the Net.
0:22 of 3rd period - Wrist shot by Brandon Dubinsky.
0:22 of 3rd period - Stopped by Ryan Miller with a rebound.
0:26 of 3rd period - Wrist shot by Jiri Tlusty.
0:26 of 3rd period - Shot Misses the Net.
0:34 of 3rd period - Wrist shot by Joel Ward.
0:34 of 3rd period - Stopped by Ryan Miller with a rebound.
0:36 of 3rd period - Slapshot by Joel Ward.
0:36 of 3rd period - Stopped by Ryan Miller with a rebound.
0:38 of 3rd period - Snap shot by Joel Ward.
0:38 of 3rd period - Shot Blocked by Mark Giordano.
0:54 of 3rd period - Mark Giordano is hit by Ondrej Palat and loses puck.
1:50 of 3rd period - Raphael Diaz is hit by Shawn Matthias and loses puck.
1:57 of 3rd period - Snap shot by Dan Hamhuis.
1:57 of 3rd period - Shot Misses the Net.
3:12 of 3rd period - Minor Penalty to Brandon Dubinsky for Roughing.
3:13 of 3rd period - Mikael Granlund wins face-off versus Nikolai Kulemin in Lightning zone.
3:24 of 3rd period - Wrist shot by Patrick Sharp.
3:24 of 3rd period - Stopped by Carey Price with a rebound.
3:46 of 3rd period - Slapshot by Christian Ehrhoff.
3:46 of 3rd period - Shot Misses the Net.
3:52 of 3rd period - Slapshot by Dmitry Kulikov.
3:52 of 3rd period - Stopped by Ryan Miller with a rebound.
3:54 of 3rd period - Snap shot by John Mitchell.
3:54 of 3rd period - Stopped by Ryan Miller without a rebound.
3:55 of 3rd period - John Mitchell wins face-off versus David Legwand in Penguins zone.
4:36 of 3rd period - Wrist shot by Patrick Sharp.
4:36 of 3rd period - Stopped by Carey Price with a rebound.
5:12 of 3rd period - Penalty to Brandon Dubinsky is over, Brandon Dubinsky is back on ice.
5:28 of 3rd period - Slapshot by Mark Giordano.
5:28 of 3rd period - Stopped by Carey Price without a rebound.
5:29 of 3rd period - Dave Bolland wins face-off versus Nate Thompson in Lightning zone.
5:29 of 3rd period - Dave Bolland is hit by Nate Thompson.
5:42 of 3rd period - Chris Butler is hit by Matt Calvert and loses puck.
6:03 of 3rd period - Dave Bolland is hit by Mikael Granlund and loses puck.
6:08 of 3rd period - Snap shot by Patrick Sharp.
6:08 of 3rd period - Shot Misses the Net.
6:10 of 3rd period - Slapshot by Chris Butler.
6:10 of 3rd period - Deflect By Alex Chiasson.
6:10 of 3rd period - Stopped by Carey Price without a rebound.
6:11 of 3rd period - Brandon Dubinsky wins face-off versus Patrick Sharp in Lightning zone.
6:18 of 3rd period - Snap shot by Jiri Tlusty.
6:18 of 3rd period - Stopped by Ryan Miller without a rebound.
6:19 of 3rd period - Brandon Dubinsky wins face-off versus Paul Gaustad in Penguins zone.
6:26 of 3rd period - Snap shot by Brandon Dubinsky.
6:26 of 3rd period - Shot Blocked by Mark Giordano.
6:36 of 3rd period - Wrist shot by Brandon Dubinsky.
6:36 of 3rd period - Shot Misses the Net.
6:52 of 3rd period - Wrist shot by Nail Yakupov.
6:52 of 3rd period - Stopped by Carey Price without a rebound.
6:53 of 3rd period - Mikael Granlund wins face-off versus John Mitchell in Lightning zone.
7:08 of 3rd period - Slapshot by Patrick Sharp.
7:08 of 3rd period - Deflect By Nathan MacKinnon.
7:08 of 3rd period - Shot Blocked by Dmitry Kulikov.
7:08 of 3rd period - Puck is out of play.
7:09 of 3rd period - Mikael Granlund wins face-off versus John Mitchell in Lightning zone.
8:01 of 3rd period - Minor Penalty to John Mitchell for Slashing.
8:02 of 3rd period - Mikael Granlund wins face-off versus Brandon Dubinsky in Lightning zone.
8:14 of 3rd period - Snap shot by Patrick Sharp.
8:14 of 3rd period - Stopped by Carey Price with a rebound.
8:16 of 3rd period - Slapshot by Mark Giordano.
8:16 of 3rd period - Stopped by Carey Price with a rebound.
8:18 of 3rd period - Slapshot by Mark Giordano.
8:18 of 3rd period - Stopped by Carey Price without a rebound.
8:19 of 3rd period - Brandon Dubinsky wins face-off versus Mikael Granlund in Lightning zone.
9:00 of 3rd period - Wrist shot by Nikolai Kulemin.
9:00 of 3rd period - Stopped by Ryan Miller without a rebound.
9:01 of 3rd period - Brandon Dubinsky wins face-off versus Nail Yakupov in Penguins zone.
9:54 of 3rd period - Icing by Raphael Diaz.
9:55 of 3rd period - Ryan Nugent-Hopkins wins face-off versus Mikael Granlund in Penguins zone.
10:01 of 3rd period - Penalty to John Mitchell is over, John Mitchell is back on ice.
10:06 of 3rd period - Nikolai Kulemin is hit by Patrick Sharp.
10:42 of 3rd period - Slapshot by Mark Giordano.
10:42 of 3rd period - Deflect By Marcus Foligno.
10:42 of 3rd period - Stopped by Carey Price with a rebound.
10:44 of 3rd period - Slapshot by Christian Ehrhoff.
10:44 of 3rd period - Stopped by Carey Price without a rebound.
10:45 of 3rd period - Paul Gaustad wins face-off versus Dave Bolland in Lightning zone.
11:02 of 3rd period - Snap shot by Dave Bolland.
11:02 of 3rd period - Stopped by Ryan Miller with a rebound.
11:04 of 3rd period - Snap shot by Alex Chiasson.
11:04 of 3rd period - Stopped by Ryan Miller with a rebound.
11:10 of 3rd period - Snap shot by Alex Chiasson.
11:10 of 3rd period - Shot Misses the Net.
11:12 of 3rd period - Slapshot by Roman Polak.
11:12 of 3rd period - Stopped by Ryan Miller with a rebound.
11:14 of 3rd period - Slapshot by Mattias Ekholm.
11:14 of 3rd period - Stopped by Ryan Miller without a rebound.
11:15 of 3rd period - David Legwand wins face-off versus Ryan Nugent-Hopkins in Penguins zone.
11:24 of 3rd period - Wrist shot by Patrick Marleau.
11:24 of 3rd period - Stopped by Ryan Miller with a rebound.
11:41 of 3rd period - Slapshot by Mark Giordano.
11:41 of 3rd period - Deflect By David Legwand.
11:41 of 3rd period - Shot Misses the Net.
11:41 of 3rd period - Puck is out of play.
11:42 of 3rd period - Mikael Granlund wins face-off versus Dave Bolland in Lightning zone.
12:46 of 3rd period - Snap shot by Christian Ehrhoff.
12:46 of 3rd period - Shot Blocked by Marc Methot.
12:54 of 3rd period - Mark Giordano is hit by Brandon Dubinsky and loses puck.
13:21 of 3rd period - Snap shot by Patrick Marleau.
13:21 of 3rd period - Shot Hit the Post.
13:27 of 3rd period - Wrist shot by Ondrej Palat.
13:27 of 3rd period - Shot Misses the Net.
13:29 of 3rd period - Backhand shot by Roman Polak.
13:29 of 3rd period - Shot Blocked by Christian Ehrhoff.
13:49 of 3rd period - Nikolai Kulemin is hit by Nail Yakupov and loses puck.
14:07 of 3rd period - Chris Kelly is hit by John Mitchell and loses puck.
14:56 of 3rd period - Slapshot by Tyson Barrie.
14:56 of 3rd period - Shot Blocked by Anton Volchenkov.
15:02 of 3rd period - Dave Bolland is hit by Anton Volchenkov and loses puck.
16:14 of 3rd period - Snap shot by Ryan Nugent-Hopkins.
16:14 of 3rd period - Shot Misses the Net.
16:31 of 3rd period - Icing by Roman Polak.
16:32 of 3rd period - Ryan Nugent-Hopkins wins face-off versus Mikael Granlund in Lightning zone.
17:26 of 3rd period - Dan Hamhuis is hit by John Mitchell.
17:38 of 3rd period - David Legwand is hit by Matt Calvert and loses puck.
19:12 of 3rd period - Slapshot by Patrick Marleau.
19:12 of 3rd period - Shot Misses the Net.
Goals for this period are 0 for Penguins vs 0 for Lightning.
Shots for this period are 10 for Penguins vs 12 for Lightning.


Output by the SimonT Hockey Simulator (STHS) for Eric Dolegowski -- Original Page W3C XHTML 1.0 Valid
Hockey Simulator - Hockey Simulation - Hockey Manager